 Dungeon Crawl Stone Soup version 0.24-a0-291-g79c1ce788c (webtiles) character file.

Game seed: 17974823819218777376

32610 Jannitor the Fighter (level 13, -14/70 HPs)
             Began as a Vine Stalker Fighter on May 9, 2019.
             Was a Follower of Uskayaw.
             Demolished by a dire elephant (22 damage)
             ... on level 6 of the Lair of Beasts.
             The game lasted 00:16:18 (12956 turns).

Jannitor the Fighter (Vine Stalker Fighter)        Turns: 12956, Time: 00:16:22

Health: -14/70     AC: 17    Str: 24    XL:     13   Next: 65%
Magic:  0/19       EV: 12    Int:  8    God:    Uskayaw [*.....]
Gold:   643        SH: 12    Dex: 14    Spells: 12/12 levels left

rFire    . . .     SeeInvis .   D - +2 short sword (elec)
rCold    + . .     Gourm    .   c - +0 shield
rNeg     . . .     Faith    .   b - +0 scale mail
rPois    +         Spirit   +   N - +2 helmet
rElec    .         Reflect  .   e - +1 cloak {+Inv}
rCorr    .         Harm     .   w - +2 pair of gloves
MR       +....                  (no boots)
Stlth    +++.......             p - amulet of the acrobat
HPRegen  1.01/turn              l - ring of protection from cold
MPRegen  0.16/turn              u - ring of poison resistance

@: about to teleport
A: fangs 3, regeneration 2, magic shield, antimagic bite, no potion heal 3, rot
immunity
a: Stomp, Renounce Religion, Evoke Invisibility


You were on level 6 of the Lair of Beasts.
You worshipped Uskayaw.
Uskayaw was noncommittal.
You were not hungry.

You visited 3 branches of the dungeon, and saw 17 of its levels.

You collected 1073 gold pieces.
You spent 430 gold pieces at shops.

Inventory:

Hand Weapons
 a - a +0 rapier
 j - a +1 dagger of speed
 o - a +2 dagger of venom
 D - a +2 short sword of electrocution (weapon)
Armour
 b - a +0 scale mail (worn)
 c - a +0 shield (worn)
 e - a +1 cloak of invisibility (worn)
 v - a +0 plate armour
 w - a +2 pair of gloves (worn)
 N - a +2 helmet (worn)
Jewellery
 l - a ring of protection from cold (left hand)
 p - an amulet of the acrobat (around neck)
 r - a +3 ring of dexterity {unknown}
 u - a ring of poison resistance (right hand)
 y - a cursed -2 ring of evasion {unknown}
 z - an uncursed ring of magical power {unknown}
 F - an uncursed amulet of regeneration {unknown}
 G - an uncursed amulet of magic regeneration {unknown}
 J - an uncursed ring of see invisible {unknown}
 L - a +2 ring of dexterity {unknown}
 Q - a cursed -3 ring of strength {unknown}
 T - an uncursed ring of protection from magic {unknown}
 U - an uncursed ring of resist corrosion {unknown}
Wands
 k - a wand of polymorph (12)
 s - a wand of iceblast (10)
 t - a wand of flame (19)
 K - a wand of random effects (19)
 P - a wand of digging (2)
Scrolls
 d - 2 scrolls of magic mapping
 g - 9 scrolls of identify
 h - 2 scrolls of teleportation
 m - 2 scrolls of enchant weapon
 n - 9 scrolls of remove curse
 A - a scroll of brand weapon {unknown}
 E - 2 scrolls of fog
 H - a scroll of fear {unknown}
 I - a scroll of blinking {unknown}
 M - a scroll of summoning {unknown}
 O - a scroll of vulnerability {unknown}
 R - a scroll of amnesia {unknown}
Potions
 i - 6 potions of curing
 q - a potion of lignification
 B - 2 potions of brilliance
 C - a potion of resistance
Comestibles
 f - 31 rations
 S - 18 chunks of flesh


   Skills:
 + Level 9.2 Fighting
 + Level 8.8 Short Blades
 + Level 8.3 Armour
 + Level 5.3 Dodging
 - Level 9.0 Stealth
 + Level 9.1 Shields
 + Level 7.3 Invocations
 + Level 5.8 Evocations


You had 12 spell levels left.
You didn't know any spells.
Your spell library contained the following spells:

 Spells                   Type           Power        Failure   Level  Hunger
 Animate Skeleton         Necr           N/A          90%         1    ##.....
 Apportation              Tloc           #.....       90%         1    ##.....
 Confusing Touch          Hex            #.....       90%         1    ##.....
 Sting                    Conj/Pois      #...         90%         1    ##.....
 Summon Small Mammal      Summ           #...         90%         1    ##.....
 Poisonous Vapours        Pois/Air       #.....       97%         2    ###....
 Confuse                  Hex            #.......     99%         3    ####...
 Gell's Gravitas          Tloc           #.........   99%         3    ####...
 Mephitic Cloud           Conj/Pois/Air  #.......     99%         3    ####...
 Olgreb's Toxic Radiance  Pois           #.......     100%        4    #####..
 Petrify                  Tmut/Erth      #.......     100%        4    #####..
 Metabolic Englaciation   Hex/Ice        #.........   100%        5    ######.
 Venom Bolt               Conj/Pois      #.........   100%        5    ######.
 Yara's Violent Unravell  Hex/Tmut       #.........   100%        5    ######.


Dungeon Overview and Level Annotations

Branches:
Dungeon (10/15)            Temple (1/1) D:6            Lair (6/6) D:10
  Swamp (0/4) Lair:3        Snake (0/4) Lair:4        Slime (0/5) Lair:6
    Orc: D:9-12

Altars:
Ashenzari
Cheibriados
Dithmenos
Elyvilon
Gozag
Hepliaklqana
Kikubaaqudgha
Makhleb
Nemelex Xobeh
Okawaru
Qazlal
Ru
Sif Muna
Trog
Uskayaw
Vehumet
Wu Jian
Xom
Zin
The Shining One
Jiyva

Shops:
D:8 ((   D:10 [

Annotations:
D:5 3 runed translucent doors, cirnu's ghost, novice DsFi
D:8 2 transporters, Zigma's ghost, novice DrMo
Lair:4 exclusion: oklob plant
Lair:5 2 transporters, Leuh's ghost, journeyman GnEE


Innate Abilities, Weirdness & Mutations

You have razor-sharp teeth.
You heal very quickly.
When hurt, damage is shared between your health and your magic reserves.
Your bite disrupts and absorbs the magic of your enemies.
Potions cannot restore your health.
You are immune to rotting.


Message History

You hold your ground!
The dire elephant misses you.
As you read the scroll of teleportation, it crumbles to dust.
You feel strangely unstable. The dire elephant barely misses you.
You block the dire elephant's attack. The dire elephant closely misses you.
You block the dire elephant's attack.
You hit the dire elephant but do no damage.
You bite the dire elephant, but do no damage.
The dire elephant is lightly wounded.
The dire elephant barely misses you. The dire elephant trunk-slaps you.
* * * LOW HITPOINT WARNING * * *
The dire elephant closely misses you. x2
Okay, then.
Unknown command.
As you read the scroll labeled WYILEM HYPH, it crumbles to dust.
Your brain hurts!
It was a scroll of random uselessness.
The dire elephant tramples you!
* * * LOW HITPOINT WARNING * * *
You hold your ground!
You block the dire elephant's attack. The dire elephant tramples you!!
You die...

###'##'Y######### ##### #######
#..8#....8##.≈≈##...?###...##.
#...#.....'.÷≈≈≈'...!:#.....÷.
#.#.####.8#.≈≈≈≈'...(:#.....#.
#+#....####.≈≈≈≈#...(##.....##
####....#≈≈≈≈.#######.....#.
####.###≈.###8..###..###.
#♣♣###...#####8.⌠.8#####...
##♣....###YY@Y.............##
###♣♣.......♣########'''########♣
............................#....
.................................
.................................
.................................
.................................
.................................
.....[...........................


You could see 3 dire elephants.

Vanquished Creatures
  A dire elephant (Lair:6)
  3 hydras
  A catoblepas (Lair:4)
  2 two-headed ogres (D:9)
  An anaconda (Lair:6)
  3 death yaks
  Pikel (D:6)
  A lindwurm (Lair:4)
  4 elephants (Lair:6)
  A centaur zombie (D:10)
  Joseph (D:7)
  3 black mambas
  4 spiny frogs
  Psyche (D:9)
  2 rime drakes
  6 komodo dragons
  2 polar bears
  A tyrant leech (Lair:3)
  14 blink frogs
  3 hippogriffs
  22 yaks
  A wyvern (D:9)
  A hungry ghost (D:7)
  4 nagas (Lair:4)
  10 water moccasins
  A swamp worm (Lair:3)
  7 porcupines
  3 orc warriors
  5 ice beasts
  A sky beast (D:7)
  3 black bears
  20 wolves
  5 ogres
  3 phantoms
  An eye of draining (D:8)
  8 centaurs
  14 crocodiles
  2 big kobolds
  Blork the orc (D:4)
  6 bullfrogs
  3 wyvern zombies
  2 scorpions (D:7)
  12 killer bees
  8 wights
  An electric eel (Lair:4)
  3 howler monkeys (D:8)
  2 bullfrog zombies
  5 crimson imps
  A quasit (D:5)
  A hound (D:9)
  2 jellies
  4 orc priests
  Crazy Yiuf (D:7)
  An iron imp (D:9)
  7 orc wizards
  2 bullfrog skeletons (D:4)
  A centaur skeleton (D:6)
  An iguana (D:7)
  Ijyb (D:4)
  Terence (D:3)
  9 worker ants
  A killer bee zombie (D:7)
  A hound zombie (D:5)
  3 hound skeletons
  A worker ant zombie (D:6)
  7 gnolls
  A howler monkey skeleton (D:8)
  7 adders
  2 shadow imps
  6 adder skeletons
  A dart slug (D:1)
  3 leopard geckos
  21 orcs
  3 ball pythons
  3 giant cockroaches
  14 goblins
  2 hobgoblins (D:2)
  9 jackals
  2 quokkas
  3 bats
  A frilled lizard (D:2)
  A jackal skeleton (D:4)
  A jackal zombie (D:5)
  8 kobolds
  A leopard gecko skeleton (D:4)
  A quokka zombie (D:5)
  7 rats
  4 plants
355 creatures vanquished.

Vanquished Creatures (others)
  3 slaves (D:7)
  A wight (D:7)
  An orc wizard (D:4)
  2 fungi (Lair:4)
  4 plants
11 creatures vanquished.

Grand Total: 366 creatures vanquished

Notes
Turn   | Place    | Note
-------+----------+-------------------------------------------
     0 | D:1      | Jannitor the Vine Stalker Fighter began the quest for the
                  | Orb.
     0 | D:1      | Reached XP level 1. HP: 11/11 MP: 2/2
   225 | D:2      | Reached XP level 2. HP: 5/16 MP: 1/3
   703 | D:2      | Reached XP level 3. HP: 19/20 MP: 4/4
   965 | D:2      | Found a sparkling altar of Nemelex Xobeh.
  1329 | D:2      | Gained mutation: Your natural rate of healing is unusually
                  | fast. [Vine Stalker growth]
  1329 | D:2      | Reached XP level 4. HP: 7/24 MP: 5/5
  1669 | D:3      | Noticed Terence
  1688 | D:3      | Killed Terence
  1838 | D:3      | Reached XP level 5. HP: 19/28 MP: 4/6
  2030 | D:4      | Noticed an ogre
  2052 | D:3      | Killed an ogre
  2052 | D:3      | Reached XP level 6. HP: 17/33 MP: 7/7
  2150 | D:4      | Found a hazy altar of Hepliaklqana.
  2172 | D:4      | Noticed Blork the orc
  2195 | D:4      | Killed Blork the orc
  2423 | D:4      | Found a shimmering altar of Xom.
  2561 | D:4      | Reached XP level 7. HP: 28/37 MP: 8/8
  2623 | D:4      | Noticed Ijyb
  2687 | D:4      | Killed Ijyb
  2830 | D:5      | Entered Level 5 of the Dungeon
  2918 | D:5      | Gained mutation: You have razor-sharp teeth. [Vine Stalker
                  | growth]
  2918 | D:5      | Reached XP level 8. HP: 34/42 MP: 9/9
  2991 | D:5      | Found a runed translucent gate.
  2991 | D:5      | Found a runed translucent gate.
  2991 | D:5      | Found a runed translucent gate.
  3064 | D:5      | Noticed cirnu's ghost (novice DsFi)
  3169 | D:5      | Reached skill level 5 in Fighting
  3169 | D:5      | Reached skill level 5 in Shields
  3334 | D:5      | Found a white marble altar of Elyvilon.
  3862 | D:6      | Reached skill level 5 in Short Blades
  3882 | D:6      | Found a staircase to the Ecumenical Temple.
  3887 | D:6      | Reached skill level 5 in Armour
  3931 | Temple   | Entered the Ecumenical Temple
  4050 | Temple   | Became a worshipper of Uskayaw the Reveler
  4088 | D:6      | Reached * piety under Uskayaw
  4092 | D:6      | Reached ** piety under Uskayaw
  4123 | D:6      | Reached XP level 9. HP: 34/48 MP: 10/10
  4131 | D:6      | Reached *** piety under Uskayaw
  4483 | D:6      | Found a deep blue altar of Sif Muna.
  4569 | D:7      | Noticed Pikel
  4584 | D:6      | Killed Pikel
  4584 | D:6      | Reached skill level 1 in Invocations
  4637 | D:7      | Reached **** piety under Uskayaw
  4647 | D:7      | Reached ***** piety under Uskayaw
  4715 | D:7      | Noticed Joseph
  4748 | D:7      | Killed Joseph
  4748 | D:7      | Reached XP level 10. HP: 18/53 MP: 11/13
  5070 | D:7      | Found a runed translucent door.
  5071 | D:7      | Noticed Crazy Yiuf
  5152 | D:7      | Found an iron altar of Okawaru.
  5234 | D:7      | Killed Crazy Yiuf
  5440 | D:8      | Found an ornate altar of the Wu Jian Council.
  5440 | D:8      | Found a glowing golden altar of the Shining One.
  5452 | D:8      | Found an ancient bone altar of Kikubaaqudgha.
  5469 | D:8      | Found Nikia's Weapon Emporium.
  5505 | D:8      | Reached skill level 1 in Evocations
  5508 | D:8      | Reached skill level 1 in Dodging
  5745 | D:8      | Found a transporter.
  5756 | D:8      | Noticed Zigma's ghost (novice DrMo)
  5756 | D:8      | Noticed a moth of wrath
  5784 | D:8      | Found a transporter.
  5907 | D:8      | Found a bloodstained altar of Trog.
  5920 | D:8      | Found Esadesh's Antique Weapon Shop.
  5933 | D:8      | Bought a steaming hand crossbow for 280 gold pieces
  5933 | D:8      | Identified the +4 hand crossbow of Radicalism {velocity,
                  | +Blink rPois rF- Str-2} (You bought it in a shop on level 8
                  | of the Dungeon)
  6040 | D:9      | Reached skill level 5 in Stealth
  6251 | D:9      | Reached XP level 11. HP: 57/58 MP: 13/15
  6272 | D:9      | Noticed Psyche
  6273 | D:9      | Noticed a two-headed ogre
  6278 | D:9      | Killed Psyche
  6303 | D:9      | Killed a two-headed ogre
  6361 | D:9      | Noticed a two-headed ogre
  6364 | D:9      | Killed a two-headed ogre
  6469 | D:9      | Found a snail-covered altar of Cheibriados.
  6844 | D:10     | Entered Level 10 of the Dungeon
  6879 | D:10     | Noticed a death yak
  6894 | D:10     | Noticed a death yak
  6895 | D:10     | Noticed a death yak
  6897 | D:10     | Noticed a death yak
  6903 | D:10     | Noticed a death yak
  6908 | D:10     | Killed a death yak
  7107 | D:9      | Killed a death yak
  7107 | D:9      | Reached skill level 5 in Invocations
  7192 | D:10     | Found Ycoaquf's Antique Armour Shop.
  7210 | D:10     | Bought a pair of glowing gloves for 150 gold pieces
  7250 | D:10     | Found a staircase to the Lair.
  7303 | Lair:1   | Entered Level 1 of the Lair of Beasts
  8290 | Lair:2   | Gained mutation: You heal very quickly. [Vine Stalker
                  | growth]
  8290 | Lair:2   | Reached XP level 12. HP: 64/64 MP: 17/17
  8371 | Lair:2   | Reached ****** piety under Uskayaw
  9058 | Lair:3   | Noticed a six-headed hydra
  9068 | Lair:3   | Killed a six-headed hydra
  9370 | Lair:3   | Found a glowing golden altar of the Shining One.
  9833 | Lair:3   | Found a staircase to the Swamp.
  9968 | Lair:4   | Noticed a catoblepas
  9989 | Lair:4   | Killed a catoblepas
 10144 | Lair:4   | Noticed a five-headed hydra
 10148 | Lair:4   | Killed a five-headed hydra
 10210 | Lair:4   | Noticed a death yak
 10241 | Lair:4   | Found a staircase to the Snake Pit.
 10377 | Lair:4   | Killed a death yak
 10377 | Lair:4   | Reached skill level 5 in Evocations
 10386 | Lair:4   | Reached XP level 13. HP: 64/69 MP: 18/18
 11764 | Lair:5   | Found a transporter.
 11768 | Lair:5   | Found a transporter.
 11768 | Lair:5   | Noticed Leuh's ghost (journeyman GnEE)
 12003 | Lair:6   | Entered Level 6 of the Lair of Beasts
 12016 | Lair:6   | Reached skill level 5 in Dodging
 12306 | Lair:6   | Found a viscous altar of Jiyva.
 12307 | Lair:6   | Found a staircase to the Slime Pits.
 12875 | Lair:6   | Noticed a dire elephant
 12892 | Lair:6   | Killed a dire elephant
 12908 | Lair:6   | Noticed a dire elephant
 12908 | Lair:6   | Noticed a dire elephant
 12948 | Lair:6   | Noticed a dire elephant
 12956 | Lair:6   | Demolished by a dire elephant

Levels and vault maps discovered:
D:1:      lemuel_arrival_river_passageway, layout_basic, serial_aquarium,
          aquarium_bridge_straight [aquarium_subvault_bridge,
          aquarium_subvault_balcony, aquarium_subvault_bridge,
          aquarium_subvault_window], aquarium_window_1, aquarium_window_fake,
          aquarium_window_2, aquarium_window_1, aquarium_view_2c,
          aquarium_view_2c, aquarium_pool_2, minmay_pentomino_u2
D:2:      layout_basic, nemelex_altar_shiori, st_stairs_14
D:3:      layout_rooms, uniq_sigmund, uniq_terence
D:4:      kennysheep_the_goblin_king, layout_loops_cross, lemuel_round_altar,
          lemuel_coloured_pillars_altar, uniq_blork_the_orc
D:5:      layout_basic, elyvilon_altar_3, first_ration, gammafunk_ghost_icy
D:6:      layout_basic, overflow_temple_1_default,
          minmay_temple_entry_statues_pillars, solitary_fountain
D:7:      layout_cave_pools, old_standard_altar, uniq_crazy_yiuf_cottage,
          uniq_joseph, uniq_pikel
D:8:      layout_rooms, minitemple, nicolae_overflow_hidden_temple,
          kennysheep_little_box, serial_shops, nicolae_shop_waterfront,
          nicolae_shop_crystal, gammafunk_ghost_berserking_beasts
D:9:      layout_roguey, slow_altar_1, uniq_psyche
D:10:     layout_cave_pools, dpeg_lair_monsters, serial_shops, shop,
          uniq_erolcha
Temple:   nicolae_temple_figure_zero
Lair:1:   layout_cave_pods, chequers_serial_rivers_micro_c
Lair:2:   layout_cave_pods
Lair:3:   layout_long_grid, minmay_swamp_entry_worms, basic_altar
Lair:4:   layout_cave_pods, minmay_snake_entry_guardpost_small,
          grunt_megastairs_5, serial_bayou_shore_b, minmay_lair_oklob_chamber,
          lemuel_fruit_tree, serial_bayou_shore_a, serial_bayou_shore_b
Lair:5:   layout_hall_layers, gammafunk_ghost_hive,
          cheibrodos_lair_caveside_slide
Lair:6:   due_jungle_book, layout_regular_city, slime_altar_1,
          small_statue_intersection, serial_bayou_pond_a, minivault_11

Skill      XL: |  1  2  3  4  5  6  7  8  9 10 11 12 13 |
---------------+----------------------------------------+-----
Short Blades   | 2 3 4 5 6 7 8 |  8.8
Fighting       | 3 4 5 6 7 8 9 |  9.2
Shields        | 3 4 5 6 7 8 9 |  9.1
Armour         | 3 4 5 6 7 8 |  8.3
Stealth        | 3 5 7 8 9 |  9.0
Invocations    | 2 4 5 6 7 |  7.3
Evocations     | 2 3 5 |  5.8
Dodging        | 2 3 4 5 |  5.3

Action                   |  1- 3 |  4- 6 |  7- 9 | 10-12 | 13-15 || total
-------------------------+-------+-------+-------+-------+-------++-------
Melee: Rapier            |    38 |       |       |       |       ||    38
       Bite              |    34 |    46 |   148 |   287 |   128 ||   643
       Dagger            |    71 |   104 |   445 |   303 |       ||   923
       Unarmed           |       |     8 |       |       |       ||     8
       Short sword       |       |       |       |   451 |   256 ||   707
Evoke: Wand              |       |       |       |     2 |     2 ||     4
  Use: Potion            |     1 |     2 |     2 |     5 |       ||    10
       Scroll            |       |     7 |       |     5 |     4 ||    16
 Stab: Paralysed         |       |       |     5 |    37 |    10 ||    52
       Sleeping          |       |       |       |     7 |     4 ||    11
       Distracted        |       |       |       |     1 |       ||     1
  Eat: Chunk             |     1 |     4 |     8 |    21 |     9 ||    43
Armor: Scale mail        |    43 |    15 |   112 |   200 |    72 ||   442
Dodge: Dodged            |    31 |    21 |   115 |   261 |   114 ||   542
Block: Shield            |    56 |    35 |   170 |   341 |   147 ||   749

Table legend:
 A = Non-vault XP
 B = Vault XP
 C = Vault XP percentage of total XP
 D = Non-vault monster count
 E = Vault monster count
 F = Vault count percentage of total count
                 A         B        C        D         E       F
            +---------+---------+-------+---------+---------+-------
      Total |   36715 |    9872 |  21.2 |     316 |      36 |  10.2
            +---------+---------+-------+---------+---------+-------
        D:1 |       6 |       0 |   0.0 |       3 |       0 |   0.0
        D:2 |      84 |       2 |   2.3 |      19 |       1 |   5.0
        D:3 |     177 |      36 |  16.9 |      14 |       1 |   6.7
        D:4 |     429 |     140 |  24.6 |      17 |       8 |  32.0
        D:5 |     988 |       0 |   0.0 |      26 |       0 |   0.0
        D:6 |     911 |     706 |  43.7 |      23 |       1 |   4.2
        D:7 |    1415 |     506 |  26.3 |      25 |       2 |   7.4
        D:8 |    2078 |       0 |   0.0 |      35 |       0 |   0.0
        D:9 |    4324 |    1340 |  23.7 |      42 |       3 |   6.7
       D:10 |    1250 |     888 |  41.5 |      10 |       1 |   9.1
     Lair:1 |    2484 |       0 |   0.0 |      16 |       0 |   0.0
     Lair:2 |    2537 |       0 |   0.0 |      12 |       0 |   0.0
     Lair:3 |    3686 |     428 |  10.4 |      13 |       2 |  13.3
     Lair:4 |    7141 |    2920 |  29.0 |      26 |      12 |  31.6
     Lair:5 |    3829 |       0 |   0.0 |      14 |       0 |   0.0
     Lair:6 |    5376 |    2906 |  35.1 |      21 |       5 |  19.2
            +---------+---------+-------+---------+---------+-------
